 Dungeon Crawl Stone Soup version 0.21.0-3-g78d12a8 (webtiles) character file.

252 Ignatius881 the Conjurer (level 5, -2/28 HPs)
             Began as a Deep Elf Conjurer on Jan 9, 2018.
             Slain by Terence
             ... wielding a +0 falchion
              (4 damage)
             ... on level 3 of the Dungeon.
             The game lasted 00:07:51 (2361 turns).

Ignatius881 the Conjurer (Deep Elf Conjurer)        Turns: 2361, Time: 00:07:52

Health: -2/28      AC:  2    Str:  5    XL:     5   Next: 89%
Magic:  1/14       EV: 14    Int: 21    God:
Gold:   84         SH:  0    Dex: 15    Spells: 3/13 levels left

rFire    . . .     SeeInvis .   k - +0 dagger
rCold    . . .     Gourm    .   (no shield)
rNeg     . . .     Faith    .   a - +0 robe
rPois    .         Spirit   .   (no helmet)
rElec    .         Reflect  .   (no cloak)
rCorr    .         Harm     .   (no gloves)
MR       .....                  (no boots)
Stlth    ++........             (no amulet)
HPRegen  0.09/turn              (no ring)
MPRegen  0.14/turn              (no ring)

@: no status effects
A: no striking features
a: no special abilities


You were on level 3 of the Dungeon.
You were not hungry.

You visited 1 branch of the dungeon, and saw 3 of its levels.

You collected 84 gold pieces.

Inventory:

Hand Weapons
 k - a +0 dagger (weapon)
   (You found it on level 1 of the Dungeon)
 p - a +3 long sword
   (You found it on level 2 of the Dungeon)
Missiles
 i - 100 stones (quivered)
Armour
 a - a +0 robe (worn)
Scrolls
 d - a scroll of fear {unknown}
 f - 2 scrolls of teleportation {unknown}
 l - a scroll of amnesia {unknown}
 q - a scroll of identify {unknown}
Potions
 b - a potion of heal wounds {unknown}
 g - 2 potions of haste {unknown}
 j - 3 potions of flight {unknown}
 n - 2 potions of berserk rage {unknown}
 o - a potion of might {unknown}
Books
 e - a book of Conjurations
 m - a book of Cantrips
   (You found it on level 2 of the Dungeon)
Comestibles
 c - 6 rations
 h - 5 chunks of flesh


   Skills:
 + Level 4.0 Dodging
 - Level 2.4 Stealth
 + Level 4.7 Spellcasting
 * Level 6.1 Conjurations
 + Level 2.5 Hexes


You had 3 spell levels left.
You knew the following spells:

 Your Spells              Type           Power        Failure   Level  Hunger
a - Magic Dart            Conj           ####         1%          1    None
b - Searing Ray           Conj           ####..       1%          2    #......
c - Dazzling Spray        Conj/Hex       ###...       5%          3    ##.....
d - Iskenderun's Mystic   Conj           ####....     9%          4    ####...


Dungeon Overview and Level Annotations

Branches:
Dungeon (3/15)

Altars:

Annotations:
D:3 Terence


Message History

Found a ration.
An ogre comes into view. It is wielding a giant spiked club.
You can't see any susceptible monsters within range! (Use Z to cast anyway.)
You can't see any susceptible monsters within range! (Use Z to cast anyway.)
Found a spear.
Aim: an ogre, wielding a giant spiked club (hasn't noticed you)
The orb of energy hits the ogre.
The ogre shouts!
You are feeling hungry.
Terence the Incautious comes into view.
He is wielding a falchion.
Aim: an ogre, wielding a giant spiked club (lightly wounded)
The searing ray hits the ogre. (Press . to maintain the ray.) Terence shouts!
Aim: an ogre, wielding a giant spiked club (moderately wounded)
The searing ray hits the ogre. (Press . to maintain the ray.)
Aim: an ogre, wielding a giant spiked club (moderately wounded)
The searing ray hits the ogre. (Press . to maintain the ray.)
The searing ray hits the ogre.
The ogre hits you with a giant spiked club!
Ouch! That really hurt!
* * * LOW HITPOINT WARNING * * *
The searing ray hits the ogre.
You kill the ogre!
Your Dodging skill increases to level 4!
Your Conjurations skill increases to level 6!
Terence misses you.
Aim: Terence, wielding a falchion and wearing a chain mail The magic dart hits Terence.
Terence closely misses you.
Terence drinks a potion.
Terence flickers and vanishes!
Deactivating autopickup; reactivate with Ctrl-A.
Something completely misses you.
Eat one of 6 chunks of flesh? (ye/n/q)
You eat one of the 6 chunks of flesh.
Something hits you.
* * * LOW HITPOINT WARNING * * *
The magic dart hits something.
Something hits you.
* * * LOW HITPOINT WARNING * * *
The magic dart hits something.
Something hits you.
* * * LOW HITPOINT WARNING * * *
The magic dart hits something.
Something hits you.
* * * LOW HITPOINT WARNING * * *
The magic dart hits something.
Something hits you.
You die...

♣...... #.####.####. ♣.....
.##.#.8#.#..'. ♣....##
#.##.#..#.#..#.
♣.....#######.##.#'##.#'##. ♣
♣♣...........#.##...........
♣♣♣♣♣♣.........##.#.##.#'##.#+##.
...............##.#.##.#..#.#..#.
.......)##....###.#.##.#..+.'..#.
.....[..#......{@.).##.####.####.
............#######.##...........
..#........## #.##.##########
.###......## #...........# #
.........## ###########.###
########## #.#.. #.### #....
###..


There were no monsters in sight!

Vanquished Creatures
  An ice beast (D:2)
  An ogre (D:3)
  2 oozes (D:1)
  A worm (D:2)
  5 dart slugs
  3 leopard geckos
  An orc (D:3)
  3 giant cockroaches
  2 goblins
  4 hobgoblins
  3 jackals (D:2)
  3 quokkas
  7 bats
  3 frilled lizards
  5 kobolds
  3 rats
47 creatures vanquished.

Notes
Turn   | Place    | Note
-------+----------+-------------------------------------------
     0 | D:1      | Ignatius881 the Deep Elf Conjurer began the quest for the Orb.
     0 | D:1      | Reached XP level 1. HP: 10/10 MP: 6/6
   475 | D:1      | Reached XP level 2. HP: 15/15 MP: 1/8
   557 | D:1      | Learned a level 2 spell: Searing Ray
  1222 | D:2      | Reached skill level 5 in Conjurations
  1223 | D:2      | Reached XP level 3. HP: 19/19 MP: 5/10
  1407 | D:2      | Learned a level 3 spell: Dazzling Spray
  1663 | D:2      | Noticed an ice beast
  1669 | D:2      | Killed an ice beast
  1669 | D:2      | Reached skill level 1 in Hexes
  1669 | D:2      | Reached XP level 4. HP: 24/24 MP: 2/12
  1669 | D:2      | Reached XP level 5. HP: 28/28 MP: 2/13
  1760 | D:2      | Learned a level 4 spell: Iskenderun's Mystic Blast
  2322 | D:3      | Noticed an ogre
  2324 | D:3      | Noticed Terence
  2328 | D:3      | Killed an ogre
  2328 | D:3      | Reached skill level 6 in Conjurations
  2361 | D:3      | Slain by Terence

Skill      XL: |  1  2  3  4  5 |
---------------+----------------+-----
Dodging        | 3 4 |  4.0
Conjurations   | 5 6 |  6.1
Spellcasting   | 4 |  4.7
Hexes          | 1 2 |  2.5
Stealth        | |  2.4

Action                   |  1- 3 |  4- 6 || total
-------------------------+-------+-------++-------
Melee: Dagger            |    45 |       ||    45
 Cast: Magic Dart        |    56 |    28 ||    84
       Searing Ray       |     4 |     4 ||     8
       Iskenderun's Myst |       |     1 ||     1
  Eat: Chunk             |     2 |     3 ||     5
Armor: Robe              |     3 |       ||     3
Dodge: Dodged            |     7 |     4 ||    11
